| TOP OF THE 1ST |
|
Bluefield Blue Jays batting - Pitching for Seattle (APP) Mariners : LHP Omar Gutierrez
|
|
Pitching: LHP Omar Gutierrez
|
|
|
Batting: RHB Jake Bronner
|
0-0: Foul Ball, location: 2F 0-1: Swinging Strike 0-2: Ball 1-2: Foul Ball, location: 2F 1-2: Strikes out looking
|
|
Batting: RHB Shunsuke Shiba Inu
|
0-0: Ball 1-0: Called Strike 1-1: Foul Ball, location: 2F 1-2: Ball 2-2: SINGLE (Line Drive, 7S, EV 104.4 MPH)
|
|
Batting: RHB Mark Noftall
|
0-0: Ball 1-0: Grounds into double play, 4-6-3 (Groundball, 4MD, EV 95.6 MPH)
|
| Top of the 1st over - 0 runs, 1 hit, 0 errors, 0 left on base; Bluefield 0 - Seattle (APP) 0 |
| BOTTOM OF THE 1ST |
|
Seattle (APP) Mariners batting - Pitching for Bluefield Blue Jays : RHP Shalom Diender
|
|
Pitching: RHP Shalom Diender
|
|
|
Batting: RHB Carlton McDonald
|
0-0: Ball 1-0: Ball 2-0: Called Strike 2-1: Swinging Strike 2-2: Strikes out swinging
|
|
Batting: RHB Caleb Dean
|
0-0: Ball 1-0: Called Strike 1-1: Fly out, F8 (Line Drive, 8LD, EV 88.8 MPH)
|
|
Batting: LHB William Gonzales
|
0-0: Swinging Strike 0-1: Ball 1-1: Ball 2-1: Foul Ball, location: 2F 2-2: Ball 3-2: Foul Ball, location: 2F 3-2: Strikes out looking
|
| Bottom of the 1st over - 0 runs, 0 hits, 0 errors, 0 left on base; Bluefield 0 - Seattle (APP) 0 |
| TOP OF THE 2ND |
|
Bluefield Blue Jays batting - Pitching for Seattle (APP) Mariners : LHP Omar Gutierrez
|
|
Batting: RHB Chad Colyer
|
0-0: Ball 1-0: Ball 2-0: Called Strike 2-1: Called Strike 2-2: Ball 3-2: Fly out, F8 (Flyball, 8RD, EV 82.5 MPH)
|
|
Batting: SHB Toby Patenaude
|
0-0: Ball 1-0: Ball 2-0: Called Strike 2-1: Called Strike 2-2: Ball 3-2: Strikes out swinging
|
|
Batting: RHB Norm Mercer
|
0-0: Foul Ball, location: 2F 0-1: Ball 1-1: Ground out 4-3 (Groundball, 4, EV 106.9 MPH)
|
| Top of the 2nd over - 0 runs, 0 hits, 0 errors, 0 left on base; Bluefield 0 - Seattle (APP) 0 |
| BOTTOM OF THE 2ND |
|
Seattle (APP) Mariners batting - Pitching for Bluefield Blue Jays : RHP Shalom Diender
|
|
Batting: RHB Rich Griffith
|
0-0: Called Strike 0-1: Called Strike 0-2: Strikes out swinging
|
|
Batting: RHB Jose Zuniga
|
0-0: Called Strike 0-1: Ball 1-1: Ball 2-1: Ball 3-1: Ground out 4-3 (Groundball, 4, EV 81.9 MPH)
|
|
Batting: RHB Eddie Luna
|
0-0: Called Strike 0-1: Foul Ball, location: 2F 0-2: Ball 1-2: Strikes out swinging
|
| Bottom of the 2nd over - 0 runs, 0 hits, 0 errors, 0 left on base; Bluefield 0 - Seattle (APP) 0 |
| TOP OF THE 3RD |
|
Bluefield Blue Jays batting - Pitching for Seattle (APP) Mariners : LHP Omar Gutierrez
|
|
Batting: RHB Benedikt Fleischmann
|
0-0: DOUBLE (Line Drive, 8RD, EV 110.6 MPH)
|
|
Batting: RHB Mike Chamberlain
|
0-0: DOUBLE (Line Drive, 9LD, EV 106.9 MPH) Benedikt Fleischmann scores
|
|
Batting: RHB Cedric Nicholls
|
0-0: Ball 1-0: Foul Ball, location: 2F 1-1: Ball 2-1: Foul Ball, location: 2F 2-2: Strikes out swinging
|
|
Batting: RHB Jake Bronner
|
0-0: Ball 1-0: Ball 2-0: Called Strike 2-1: Ball 3-1: Ground out 4-3 (Groundball, 13, EV 83.1 MPH) Mike Chamberlain to third
|
|
Batting: RHB Shunsuke Shiba Inu
|
0-0: Fly out, F5 (Popup, 25, EV 83.1 MPH)
|
| Top of the 3rd over - 1 run, 2 hits, 0 errors, 1 left on base; Bluefield 1 - Seattle (APP) 0 |
| BOTTOM OF THE 3RD |
|
Seattle (APP) Mariners batting - Pitching for Bluefield Blue Jays : RHP Shalom Diender
|
|
Batting: LHB Yoshihisa Kobayashi
|
0-0: Ball 1-0: Called Strike 1-1: Ball 2-1: Ball 3-1: Called Strike 3-2: Base on Balls
|
|
Batting: RHB Steve Carmichael
|
0-0: Ball 1-0: Ball 2-0: Ball 3-0: Swinging Strike 3-1: Called Strike 3-2: Strikes out looking Yoshihisa Kobayashi steals 2nd base Batter strikes out.
|
|
Batting: RHB Joaquin Salazar
|
0-0: Ground out 3-1 (Groundball, 34, EV 80.6 MPH) Yoshihisa Kobayashi to third
|
|
Batting: RHB Carlton McDonald
|
0-0: Foul Ball, location: 2F 0-1: Swinging Strike 0-2: Ball 1-2: Ball 2-2: Ball 3-2: SINGLE (Line Drive, 8RS, EV 91.2 MPH) Yoshihisa Kobayashi scores
|
|
Batting: RHB Caleb Dean
|
0-0: Ball 1-0: Ball 2-0: 2-RUN HOME RUN (Flyball, 78XD, EV 99.4 MPH), Distance : 396 ft
|
|
Batting: LHB William Gonzales
|
0-0: Ball 1-0: Ball 2-0: Foul Ball, location: 2F 2-1: Foul Ball, location: 2F 2-2: Foul Ball, location: 2F 2-2: Ball 3-2: Base on Balls
|
|
Batting: RHB Rich Griffith
|
0-0: Swinging Strike 0-1: Foul Ball, location: 2F 0-2: Ground out 3-1 (Groundball, 34S, EV 74.4 MPH)
|
| Bottom of the 3rd over - 3 runs, 2 hits, 0 errors, 1 left on base; Bluefield 1 - Seattle (APP) 3 |
| TOP OF THE 4TH |
|
Bluefield Blue Jays batting - Pitching for Seattle (APP) Mariners : LHP Omar Gutierrez
|
|
Batting: RHB Mark Noftall
|
0-0: Ball 1-0: Called Strike 1-1: Ball 2-1: Called Strike 2-2: Ball 3-2: Ground out 3-1 (Groundball, 34, EV 105.6 MPH)
|
|
Batting: RHB Chad Colyer
|
0-0: Ball 1-0: Ball 2-0: Ball 3-0: Swinging Strike 3-1: Swinging Strike 3-2: Foul Ball, location: 2F 3-2: Strikes out looking
|
|
Batting: SHB Toby Patenaude
|
0-0: Ball 1-0: Called Strike 1-1: Ball 2-1: Called Strike 2-2: SOLO HOME RUN (Flyball, 8RXD, EV 110.0 MPH), Distance : 451 ft
|
|
Batting: RHB Norm Mercer
|
0-0: Ball 1-0: Foul Ball, location: 2F 1-1: Foul Ball, location: 2F 1-2: SINGLE (Line Drive, 56D, EV 99.4 MPH)
|
|
Batting: RHB Benedikt Fleischmann
|
0-0: Swinging Strike 0-1: Ball 1-1: Ball 2-1: Called Strike 2-2: Foul Ball, location: 2F 2-2: Strikes out swinging
|
| Top of the 4th over - 1 run, 2 hits, 0 errors, 1 left on base; Bluefield 2 - Seattle (APP) 3 |
| BOTTOM OF THE 4TH |
|
Seattle (APP) Mariners batting - Pitching for Bluefield Blue Jays : RHP Shalom Diender
|
|
Batting: RHB Jose Zuniga
|
0-0: Foul Ball, location: 2F 0-1: Foul Ball, location: 2F 0-2: Strikes out swinging
|
|
Batting: RHB Eddie Luna
|
0-0: Ball 1-0: Called Strike 1-1: Ball 2-1: Foul Ball, location: 2F 2-2: Ball 3-2: SINGLE (Flyball, 56D, EV 91.9 MPH)
|
|
Batting: LHB Yoshihisa Kobayashi
|
0-0: Called Strike 0-1: Hit by Pitch Eddie Luna to second
|
|
Batting: RHB Steve Carmichael
|
0-0: Swinging Strike 0-1: Swinging Strike 0-2: Strikes out swinging
|
|
Batting: RHB Joaquin Salazar
|
0-0: Swinging Strike 0-1: Ball 1-1: Foul Ball, location: 2F 1-2: Ball 2-2: Ball 3-2: Strikes out looking
|
| Bottom of the 4th over - 0 runs, 1 hit, 0 errors, 2 left on base; Bluefield 2 - Seattle (APP) 3 |
| TOP OF THE 5TH |
|
Bluefield Blue Jays batting - Pitching for Seattle (APP) Mariners : LHP Omar Gutierrez
|
|
Batting: RHB Mike Chamberlain
|
0-0: Called Strike 0-1: Called Strike 0-2: Hit by Pitch
|
|
Batting: RHB Cedric Nicholls
|
0-0: Called Strike Mike Chamberlain steals 2nd base 0-1: Swinging Strike 0-2: Strikes out swinging
|
|
Batting: RHB Jake Bronner
|
0-0: Ground out 5-3 (Groundball, 56, EV 100.0 MPH)
|
|
Batting: RHB Shunsuke Shiba Inu
|
0-0: Ball 1-0: Ball 2-0: Ball 3-0: Base on Balls
|
|
Batting: RHB Mark Noftall
|
0-0: Ball 1-0: Called Strike 1-1: SINGLE (Groundball, 56D, EV 108.1 MPH) Mike Chamberlain to third Shunsuke Shiba Inu to second Runner from 3rd tries for Home, SAFE, throw by LF to home
|
|
Batting: RHB Chad Colyer
|
0-0: Ball 1-0: Ball 2-0: Ball 3-0: Called Strike 3-1: Base on Balls Shunsuke Shiba Inu to third Mark Noftall to second
|
|
Pitching: LHP Ramiro Aguilar
|
|
|
Batting: SHB Toby Patenaude
|
0-0: Ball 1-0: SINGLE (Line Drive, 9S, EV 90.0 MPH) Shunsuke Shiba Inu scores Mark Noftall to third Chad Colyer to second Runner from 3rd tries for Home, SAFE, throw by RF to home
|
|
Batting: RHB Norm Mercer
|
0-0: Ball Wild Pitch! Chad Colyer to third Toby Patenaude to second 1-0: Ball 2-0: Foul Ball, location: 2F 2-1: Called Strike 2-2: Foul Ball, location: 2F 2-2: Foul Ball, location: 2F 2-2: Ball 3-2: Foul Ball, location: 2F 3-2: Ground out 6-3 (Groundball, 56, EV 98.1 MPH)
|
| Top of the 5th over - 3 runs, 2 hits, 0 errors, 2 left on base; Bluefield 5 - Seattle (APP) 3 |
| BOTTOM OF THE 5TH |
|
Seattle (APP) Mariners batting - Pitching for Bluefield Blue Jays : RHP Shalom Diender
|
|
Batting: RHB Carlton McDonald
|
0-0: Ground out U3 (Groundball, 3, EV 98.1 MPH)
|
|
Pitching: RHP Jordan Wyatt
|
|
|
Batting: RHB Caleb Dean
|
0-0: Called Strike 0-1: Swinging Strike 0-2: Ball 1-2: Ball 2-2: Strikes out swinging
|
|
Batting: LHB William Gonzales
|
0-0: Foul Ball, location: 2F 0-1: Foul Ball, location: 2F 0-2: Ball 1-2: Ball 2-2: SOLO HOME RUN (Flyball, 7LD, EV 92.5 MPH), Distance : 325 ft
|
|
Batting: RHB Rich Griffith
|
0-0: Called Strike 0-1: Ball 1-1: Swinging Strike 1-2: Foul Ball, location: 2F 1-2: Foul Ball, location: 2F 1-2: Ball 2-2: Strikes out swinging
|
| Bottom of the 5th over - 1 run, 1 hit, 0 errors, 0 left on base; Bluefield 5 - Seattle (APP) 4 |
| TOP OF THE 6TH |
|
Bluefield Blue Jays batting - Pitching for Seattle (APP) Mariners : LHP Ramiro Aguilar
|
|
Batting: RHB Benedikt Fleischmann
|
0-0: Ball 1-0: SINGLE (Groundball, 34S, EV 67.5 MPH) (infield hit)
|
|
Batting: RHB Mike Chamberlain
|
0-0: Called Strike 0-1: Ball 1-1: Ground out U3 (Groundball, 3, EV 83.1 MPH) Benedikt Fleischmann to second
|
|
Batting: RHB Cedric Nicholls
|
0-0: Called Strike 0-1: Ball 1-1: Swinging Strike 1-2: Ball 2-2: Ground out 6-3 (Groundball, 6, EV 90.0 MPH) Benedikt Fleischmann to third
|
|
Batting: RHB Jake Bronner
|
0-0: Called Strike 0-1: Called Strike 0-2: Ball 1-2: Strikes out swinging
|
| Top of the 6th over - 0 runs, 1 hit, 0 errors, 1 left on base; Bluefield 5 - Seattle (APP) 4 |
| BOTTOM OF THE 6TH |
|
Seattle (APP) Mariners batting - Pitching for Bluefield Blue Jays : RHP Jordan Wyatt
|
|
Batting: RHB Jose Zuniga
|
0-0: Called Strike 0-1: Foul Ball, location: 2F 0-2: Fly out, F9 (Flyball, 9, EV 90.0 MPH)
|
|
Batting: RHB Eddie Luna
|
0-0: Hit by Pitch
|
|
Batting: LHB Yoshihisa Kobayashi
|
0-0: Called Strike 0-1: Called Strike 0-2: Foul Ball, location: 2F 0-2: Ball Eddie Luna is caught stealing 2nd base 2-6 1-2: Ground out U3 (Groundball, 3S, EV 88.1 MPH)
|
| Bottom of the 6th over - 0 runs, 0 hits, 0 errors, 0 left on base; Bluefield 5 - Seattle (APP) 4 |
| TOP OF THE 7TH |
|
Bluefield Blue Jays batting - Pitching for Seattle (APP) Mariners : LHP Ramiro Aguilar
|
|
Batting: RHB Shunsuke Shiba Inu
|
0-0: Called Strike 0-1: Swinging Strike 0-2: Ball 1-2: Strikes out swinging
|
|
Batting: RHB Mark Noftall
|
0-0: Ball 1-0: Foul Ball, location: 2F 1-1: Ball 2-1: SINGLE (Groundball, 56, EV 81.2 MPH) (infield hit)
|
|
Pitching: RHP Jayden Ross
|
|
|
Batting: RHB Chad Colyer
|
0-0: Foul Ball, location: 2F 0-1: Ball 1-1: Ball 2-1: Foul Ball, location: 2F 2-2: SINGLE (Groundball, 56, EV 105.0 MPH) (infield hit) Mark Noftall to second
|
|
Batting: SHB Toby Patenaude
|
0-0: Called Strike 0-1: Swinging Strike 0-2: Ball 1-2: Strikes out swinging
|
|
Batting: RHB Norm Mercer
|
0-0: Ball 1-0: 3-RUN HOME RUN (Flyball, 78XD, EV 100.6 MPH), Distance : 405 ft
|
|
Batting: RHB Benedikt Fleischmann
|
0-0: Ball 1-0: Swinging Strike 1-1: SINGLE (Line Drive, 6MD, EV 110.0 MPH)
|
|
Batting: RHB Mike Chamberlain
|
0-0: Ball 1-0: Ball 2-0: Ball Benedikt Fleischmann steals 2nd base 3-0: Called Strike 3-1: Ground out 4-3 (Groundball, P, EV 83.1 MPH)
|
| Top of the 7th over - 3 runs, 4 hits, 0 errors, 1 left on base; Bluefield 8 - Seattle (APP) 4 |
| BOTTOM OF THE 7TH |
|
Seattle (APP) Mariners batting - Pitching for Bluefield Blue Jays : RHP Jordan Wyatt
|
|
Now at 1B: Joy-shan Li
|
|
|
Batting: RHB Steve Carmichael
|
0-0: Ball 1-0: Ball 2-0: Ground out 5-3 (Groundball, 56, EV 88.1 MPH)
|
|
Batting: RHB Joaquin Salazar
|
0-0: Hit by Pitch
|
|
Batting: RHB Carlton McDonald
|
0-0: Ball 1-0: Foul Ball, location: 2F 1-1: Ball Joaquin Salazar steals 2nd base (no throw) 2-1: Ball 3-1: Base on Balls
|
|
Batting: RHB Caleb Dean
|
0-0: Called Strike 0-1: Ball Joaquin Salazar is caught stealing 3rd base 2-5 Carlton McDonald to second 1-1: Foul Ball, location: 2F 1-2: Ball 2-2: Strikes out swinging
|
| Bottom of the 7th over - 0 runs, 0 hits, 0 errors, 1 left on base; Bluefield 8 - Seattle (APP) 4 |
| TOP OF THE 8TH |
|
Bluefield Blue Jays batting - Pitching for Seattle (APP) Mariners : RHP Jayden Ross
|
|
Pinch Hitting: SHB Mike Fermin
|
0-0: Called Strike 0-1: Called Strike 0-2: Ball 1-2: Ball 2-2: Ball 3-2: Ground out U3 (Groundball, 34S, EV 85.0 MPH)
|
|
Pitching: RHP Bryce Blanksby
|
|
|
Batting: RHB Jake Bronner
|
0-0: Called Strike 0-1: Foul Ball, location: 2F 0-2: Strikes out swinging
|
|
Batting: RHB Shunsuke Shiba Inu
|
0-0: Called Strike 0-1: Ball 1-1: Foul Ball, location: 2F 1-2: Foul Ball, location: 2F 1-2: Strikes out swinging
|
| Top of the 8th over - 0 runs, 0 hits, 0 errors, 0 left on base; Bluefield 8 - Seattle (APP) 4 |
| BOTTOM OF THE 8TH |
|
Seattle (APP) Mariners batting - Pitching for Bluefield Blue Jays : RHP Jordan Wyatt
|
|
Pitching: RHP Gu Won
|
|
|
Now in LF: Bryan Mattis
|
|
|
Batting: LHB William Gonzales
|
0-0: Ball 1-0: Ball 2-0: Called Strike 2-1: Foul Ball, location: 2F 2-2: Foul Ball, location: 2F 2-2: Ball 3-2: SOLO HOME RUN (Flyball, 89XD, EV 101.9 MPH), Distance : 404 ft
|
|
Batting: RHB Rich Griffith
|
0-0: Ball 1-0: Ball 2-0: Foul Ball, location: 2F 2-1: Foul Ball, location: 2F 2-2: Foul Ball, location: 2F 2-2: Strikes out swinging
|
|
Batting: RHB Jose Zuniga
|
0-0: Ball 1-0: Foul Ball, location: 2F 1-1: Foul Ball, location: 2F 1-2: Ball 2-2: Strikes out swinging
|
|
Batting: RHB Eddie Luna
|
0-0: Called Strike 0-1: Swinging Strike 0-2: Foul Ball, location: 2F 0-2: Strikes out swinging
|
| Bottom of the 8th over - 1 run, 1 hit, 0 errors, 0 left on base; Bluefield 8 - Seattle (APP) 5 |
| TOP OF THE 9TH |
|
Bluefield Blue Jays batting - Pitching for Seattle (APP) Mariners : RHP Bryce Blanksby
|
|
Pitching: RHP Ross Hallock
|
|
|
Batting: RHB Mark Noftall
|
0-0: Ball 1-0: Ground out 6-3 (Groundball, 6, EV 76.9 MPH)
|
|
Batting: RHB Chad Colyer
|
0-0: Called Strike 0-1: Called Strike 0-2: Ball 1-2: Ball 2-2: Ball 3-2: Base on Balls
|
|
Batting: SHB Toby Patenaude
|
0-0: Ball Chad Colyer steals 2nd base 1-0: Called Strike 1-1: Foul Ball, location: 2F 1-2: Strikes out swinging
|
|
Batting: RHB Norm Mercer
|
0-0: Ball 1-0: Ball 2-0: Called Strike 2-1: Ball 3-1: Foul Ball, location: 2F 3-2: Base on Balls
|
|
Batting: RHB Benedikt Fleischmann
|
0-0: Ball 1-0: Ball 2-0: Foul Ball, location: 2F 2-1: Ball 3-1: Base on Balls Chad Colyer to third Norm Mercer to second
|
|
Batting: RHB Joy-shan Li
|
0-0: Ball 1-0: Ball 2-0: Called Strike 2-1: Ball 3-1: Base on Balls Chad Colyer scores Norm Mercer to third Benedikt Fleischmann to second
|
|
Batting: RHB Bryan Mattis
|
0-0: Called Strike 0-1: Fly out, F8 (Flyball, 8RS, EV 85.6 MPH)
|
| Top of the 9th over - 1 run, 0 hits, 0 errors, 3 left on base; Bluefield 9 - Seattle (APP) 5 |
| BOTTOM OF THE 9TH |
|
Seattle (APP) Mariners batting - Pitching for Bluefield Blue Jays : RHP Gu Won
|
|
Batting: LHB Yoshihisa Kobayashi
|
0-0: Swinging Strike 0-1: Swinging Strike 0-2: Foul Ball, location: 2F 0-2: Ball 1-2: Foul Ball, location: 2F 1-2: Ball 2-2: DOUBLE (Groundball, 3L, EV 96.9 MPH)
|
|
Batting: RHB Steve Carmichael
|
0-0: Foul Ball, location: 2F 0-1: Ball 1-1: Called Strike 1-2: Ball 2-2: Foul Ball, location: 2F 2-2: Strikes out looking
|
|
Batting: RHB Joaquin Salazar
|
0-0: Ball 1-0: Ball 2-0: Ball 3-0: Called Strike 3-1: Called Strike 3-2: SINGLE (Line Drive, 89S, EV 98.1 MPH) Yoshihisa Kobayashi to third
|
|
Pitching: RHP Chris Mansfield
|
|
|
Batting: RHB Carlton McDonald
|
0-0: Called Strike 0-1: Swinging Strike 0-2: Ball Wild Pitch! Yoshihisa Kobayashi scores Joaquin Salazar to second 1-2: SINGLE (Groundball, 6MS, EV 93.8 MPH) (infield hit) Joaquin Salazar to third
|
|
Batting: RHB Caleb Dean
|
0-0: Called Strike 0-1: Ball 1-1: Ball 2-1: Ball 3-1: Foul Ball, location: 2F 3-2: Base on Balls Carlton McDonald to second
|
|
Batting: LHB William Gonzales
|
0-0: Ball 1-0: Foul Ball, location: 2F 1-1: Swinging Strike 1-2: Fly out, F8 (Line Drive, 8RD, EV 88.1 MPH)
|
|
Batting: RHB Rich Griffith
|
0-0: Called Strike 0-1: Foul Ball, location: 2F 0-2: TRIPLE (Line Drive, 89XD, EV 105.0 MPH) Joaquin Salazar scores Carlton McDonald scores Caleb Dean scores
|
|
Batting: RHB Jose Zuniga
|
0-0: Intentional Walk
|
|
Batting: RHB Eddie Luna
|
0-0: Ball 1-0: SINGLE (Groundball, 56D, EV 103.1 MPH) Rich Griffith scores
|
| Bottom of the 9th over - 5 runs, 5 hits, 0 errors, 1 left on base; Bluefield 9 - Seattle (APP) 10 |
|